 Dungeon Crawl Stone Soup version 0.18-a0-1577-gf591c28 (webtiles) character file.

55 Ijustatesigmund the Insei (level 3, 0/25 HPs)
             Began as an Octopode Transmuter on Mar 20, 2016.
             Succumbed to an adder's poison
             ... on level 2 of the Dungeon on Mar 21, 2016.
             The game lasted 00:04:28 (1506 turns).

Ijustatesigmund the Insei (Octopode Transmuter)     Turns: 1506, Time: 00:04:29

Health: 0/25       AC:  1    Str: 13 (15) XL:     3   Next: 93%
Magic:  6/6        EV: 12    Int: 12 (15) God:
Gold:   105        SH:  0    Dex: 10 (12) Spells: 2 memorised, 3 levels left

rFire  . . .     SeeInvis .       - Unarmed
rCold  . . .     Gourm    .     (no shield)
rNeg   . . .     Faith    .     (helmet restricted)
rPois  .         Spirit   .     (no amulet)
rElec  .         Dismiss  .     (no ring)
rCorr  .         Reflect  .     (no ring)
SustAt .         Harm     .     (no ring)
MR     .....                    (no ring)
Stlth  ++........               (no ring)
                                (no ring)
                                (no ring)
                                (no ring)

@: mighty, lethally poisoned (0 -> -1), not resistant to hostile enchantments,
unstealthy
A: almost no armour, amphibious, 8 rings, constrict 8, camouflage 1, gelatinous
body 1
a: no special abilities


You were on level 2 of the Dungeon.
You were hungry.

You visited 1 branch of the dungeon, and saw 2 of its levels.

You collected 105 gold pieces.

Inventory:

Missiles
 a - 39 arrows
Jewellery
 e - an uncursed amulet of magic regeneration {unknown}
Scrolls
 f - 2 scrolls of blinking {unknown}
 h - a scroll of enchant weapon
 i - a scroll of identify {unknown}
Books
 b - a book of Changes

   Spells                             Type                      Level
   a - Beastly Appendage              Transmutation                1
   b - Sticks to Snakes               Transmutation                2
   c - Spider Form                    Transmutation/Poison         3
   d - Ice Form                       Ice/Transmutation            4
   e - Blade Hands                    Transmutation                5
Comestibles
 c - 3 bread rations


   Skills:
 + Level 2.6 Fighting
 - Level 2.0 Dodging
 + Level 3.9 Unarmed Combat
 - Level 2.0 Spellcasting
 - Level 2.0 Transmutations


You had 3 spell levels left.
You knew the following spells:

 Your Spells              Type           Power        Failure   Level  Hunger
a - Beastly Appendage     Trmt           #.....       12%         1    ##.....
b - Sticks to Snakes      Trmt           #.......     17%         2    ###....


Dungeon Overview and Level Annotations

Branches:
Dungeon (2/15)

Altars:
Pakellas


Innate Abilities, Weirdness & Mutations

You cannot wear most types of armour.
You are amphibious.
You can wear up to eight rings at the same time.
You can use your tentacles to constrict eight enemies at once.
Your skin changes colour to match your surroundings (Stealth).
Your rubbery body absorbs attacks (AC +1).


Message History

You feel sick.
* * * LOW HITPOINT WARNING * * *
You feel sick.
* * * LOW HITPOINT WARNING * * *
You feel sick.
* * * LOW HITPOINT WARNING * * *
You feel sick.
* * * LOW HITPOINT WARNING * * *
You feel sick.
* * * LOW HITPOINT WARNING * * *
You feel sick.
* * * LOW HITPOINT WARNING * * *
You feel sick.
* * * LOW HITPOINT WARNING * * *
You feel sick.
* * * LOW HITPOINT WARNING * * *
You feel sick.
* * * LOW HITPOINT WARNING * * *
You feel sick.
You die...

###.#..#....................#
###.#.###.###.#........######
....#.....# #.#......#.#
########### #.....#.##.#
###.#.#.##.# #.#.#.#..#
#.#....... #.########
#.@).....# ########.#


There were no monsters in sight!

Vanquished Creatures
  3 adders (D:2)
  A dart slug (D:1)
  An orc (D:2)
  4 bats
  3 giant cockroaches
  5 goblins
  4 kobolds (D:1)
  A quokka (D:2)
  2 giant newts
  2 rats
26 creatures vanquished.

Notes
Turn   | Place    | Note
--------------------------------------------------------------
     0 | D:1      | Ijustatesigmund the Octopode Transmuter began the quest for the Orb.
     0 | D:1      | Reached XP level 1. HP: 13/13 MP: 3/3
   201 | D:1      | Reached XP level 2. HP: 18/18 MP: 5/5
   205 | D:1      | Learned a level 2 spell: Sticks to Snakes
   639 | D:2      | Reached XP level 3. HP: 3/24 MP: 6/6
   641 | D:2      | HP: 1/24 [poisoned by an adder]
  1429 | D:2      | Found an oddly glowing altar of Pakellas.
  1498 | D:2      | HP: 1/25 [poisoned by an adder]
  1506 | D:2      | Succumbed to an adder's poison

Vault maps used:
D:1:      minmay_arrival_four_houses
D:2:      lemuel_coloured_pillars_altar

Skill      XL: |  1  2 |
---------------+-------+-----
Fighting       | 2 |  2.6
Dodging        | |  2.0
Unarmed Combat | |  3.9
Spellcasting   | |  2.0
Transmutations | |  2.0

Action                   || total
-------------------------++-------
Melee: Unarmed           ||    73
 Cast: Sticks to Snakes  ||     2
       Beastly Appendage ||     2
  Use: Scroll            ||     2
       Potion            ||     5
 Stab: Distracted        ||     1
       Sleeping          ||     5
  Eat: Chunk             ||     1
